 Dungeon Crawl Stone Soup version 0.19-a0-1932-g59670f6 (webtiles) character file.

111 taqueso the Chopper (level 5, -4/41 HPs)
             Began as a Formicid Fighter on Oct 26, 2016.
             Slain by Larett's ghost (13 damage)
             ... on level 3 of the Dungeon.
             The game lasted 00:04:23 (2071 turns).

taqueso the Chopper (Formicid Fighter)              Turns: 2071, Time: 00:04:24

Health: -4/41      AC:  6    Str: 26    XL:     5   Next: 15%
Magic:  5/5        EV:  8    Int:  7    God:
Gold:   122        SH: 10    Dex: 11    Spells: 0 memorised, 4 levels left

rFire  . . .     SeeInvis +     a - +0 war axe
rCold  . . .     Gourm    .     b - +0 scale mail
rNeg   . . .     Faith    .     c - +0 shield
rPois  .         Spirit   .     (helmet unavailable)
rElec  .         Reflect  .     (no cloak)
rCorr  .         Harm     .     (no gloves)
MR     .....                    (no boots)
Stlth  ..........               (no amulet)
                                (no ring)
                                (no ring)

@: mighty, drained
A: permanent stasis, dig shafts and tunnels, four strong arms, antennae 3
a: Dig, Shaft Self


You were on level 3 of the Dungeon.
You were not hungry.

You visited 1 branch of the dungeon, and saw 3 of its levels.

You collected 122 gold pieces.

Inventory:

Hand Weapons
 a - a +0 war axe (weapon)
 j - a +1 mace of draining
   (You found it on level 1 of the Dungeon)
 v - a +0 spear of chaos
   (You took it off an orc on level 3 of the Dungeon)
 x - a +0 spear of chaos
   (You took it off an orc on level 3 of the Dungeon)
 y - a +0 club of chaos
   (You took it off an orc on level 3 of the Dungeon)
Missiles
 e - 9 poisoned needles
 l - 141 stones (quivered)
 t - 20 bolts
Armour
 b - a +0 scale mail (worn)
 c - a +0 shield (worn)
 o - a +0 robe of positive energy
   (You found it on level 2 of the Dungeon)
 q - a cursed +0 pair of boots
   (You found it on level 2 of the Dungeon)
Jewellery
 i - an uncursed ring of protection from cold {unknown}
   (You found it on level 1 of the Dungeon)
Scrolls
 k - 5 scrolls of identify {unknown}
 m - 2 scrolls of remove curse {unknown}
 r - a scroll of magic mapping {unknown}
 s - a scroll of enchant weapon {unknown}
 u - a scroll of immolation {unknown}
Potions
 d - a potion of might
 p - 2 potions of flight {unknown}
 w - a potion of curing {unknown}
Comestibles
 f - a bread ration {@e1}
 g - a fruit
 h - 2 beef jerkies
 n - 8 chunks of flesh {@w0}


   Skills:
 - Level 3.2(3.1) Fighting
 * Level 4.9(4.8) Axes
 - Level 3.2(3.1) Armour
 - Level 3.6(3.5) Shields


You had 4 spell levels left.
You didn't know any spells.

Dungeon Overview and Level Annotations

Branches:
Dungeon (3/15)

Altars:
Xom

Annotations:
D:3 Larett's ghost, weakling OgFi


Innate Abilities, Weirdness & Mutations

You are under a permanent stasis effect.
You can dig through walls and to a lower floor.
Your four strong arms can wield two-handed weapons with a shield.
You have a pair of large antennae on your head. (SInv)


Message History

You throw a stone. The stone misses the bat.
Aim: a bat You throw a stone.
The stone barely misses the bat.
The bat hits you but does no damage.
You closely miss the bat. The bat barely misses you.
You barely miss the bat. The bat closely misses you.
You block the bat's attack.
You closely miss the bat. You block the bat's attack.
Aim: a bat You throw a stone.
The stone barely misses the bat.
You block the bat's attack.
Aim: a bat You throw a stone.
The stone closely misses the bat.
The bat hits you but does no damage. x2
You miss the bat. The bat closely misses you.
A rat comes into view.
Aim: a bat You throw a stone.
The stone barely misses the bat.
The bat completely misses you.
The rat moves out of view.
You slash the bat!
You kill the bat!
Aim: a rat You throw a stone.
The stone closely misses the rat.
Aim: a rat You throw a stone.
The stone hits the rat but does no damage.
Aim: a rat You throw a stone.
The stone hits the rat.
You hit the rat.
You kill the rat!
No target in view!
No target in view!
No target in view!
l - 125 stones (gained 1)
You butcher the rat corpse.
n - 7 chunks of flesh {@w0} (gained 1)
Items here: )) †† a mace; a club; an orc corpse; a goblin corpse; Health restored: 41 You butcher the orc corpse.
n - 8 chunks of flesh {@w0} (gained 1)
You butcher the goblin corpse.
n - 10 chunks of flesh {@w0} (gained 2)
Things that are here:
a mace; a club; a goblin skeleton
Things that are here:
a mace; a club; a goblin skeleton
l - 127 stones (gained 2)
l - 129 stones (gained 2)
Found a stone staircase leading up.
l - 130 stones (gained 1)
l - 131 stones (gained 1)
l - 132 stones (gained 1)
l - 133 stones (gained 1)
l - 134 stones (gained 1)
l - 135 stones (gained 1)
l - 136 stones (gained 1)
l - 137 stones (gained 1)
l - 139 stones (gained 2)
l - 140 stones (gained 1)
Things that are here:
a mace; a club; a goblin skeleton
l - 141 stones (gained 1)
l - 142 stones (gained 1)
l - 143 stones (gained 1) Some of the chunks of flesh in your inventory have rotted away.
Found a stone staircase leading down.
Larett's ghost (weakling Ogre Fighter) comes into view.
Larett's ghost turns its malevolent gaze towards you.
Larett's ghost whispers, "They're coming for you..."
You see here 13 gold pieces.
You feel very mighty all of a sudden.
No target in view!
No target in view!
No target in view!
Aim: Larett's ghost You throw a stone.
The stone hits Larett's ghost but does no damage.
Aim: Larett's ghost You throw a stone.
The stone hits Larett's ghost but does no damage.
You slash Larett's ghost! Larett's ghost hits you.
You take 4 damage, and have 37/41 hp.
You closely miss Larett's ghost. You block Larett's ghost's attack. x2
You barely miss Larett's ghost.
Larett's ghost says very slowly, "There's no hope."
Larett's ghost hits you but does no damage.
You slice Larett's ghost!! Larett's ghost hits you!
You take 11 damage, and have 27/41 hp.
MASSIVE DAMAGE!!
You slash Larett's ghost! Larett's ghost barely misses you.
Larett's ghost hits you but does no damage.
You closely miss Larett's ghost. Larett's ghost hits you!
You take 10 damage, and have 17/41 hp.
MASSIVE DAMAGE!!
You closely miss Larett's ghost. Larett's ghost hits you!
* * * LOW HITPOINT WARNING * * *
You take 9 damage, and have 8/41 hp.
MASSIVE DAMAGE!!
You closely miss Larett's ghost. You block Larett's ghost's attack.
Larett's ghost hits you!
You die...

..#.#.........................
..#.####.......#.###..........#
...................+..........+
#.#.#.....#.......##..........
#..........................###
........................##...
#........................ ....
##.######.....#$.......... ...
#..⌠##..##....#.@.......## ..
#....≈≈.###.....W.......
.≈#≈...#.###>..#(#.#.#+#
##.≈.#≈≈####....(......
.###≈⌠....≈#............
⌠)##.⌠..######.#.......#
≈.≈#.#≈.≈..# ...........
≈≈#.≈....### ..#........
≈.⌠.#≈..⌠#


You could see Larett's ghost.

Vanquished Creatures
  Jessica (D:2)
  2 adders
  An ooze (D:2)
  2 worms
  3 leopard geckos
  4 orcs (D:3)
  6 bats
  5 goblins
  8 hobgoblins
  A quokka (D:2)
  2 frilled lizards
  9 kobolds
  7 rats
51 creatures vanquished.

Vanquished Creatures (others)
  A plant (D:2)
1 creature vanquished.

Grand Total: 52 creatures vanquished

Notes
Turn   | Place    | Note
-------+----------+-------------------------------------------
     0 | D:1      | taqueso the Formicid Fighter began the quest for the Orb.
     0 | D:1      | Reached XP level 1. HP: 18/18 MP: 1/1
   302 | D:1      | Reached XP level 2. HP: 24/24 MP: 2/2
   719 | D:1      | Reached skill level 3 in Axes
   985 | D:2      | Noticed Jessica
   992 | D:2      | Reached XP level 3. HP: 29/29 MP: 3/3
   998 | D:2      | Killed Jessica
   998 | D:2      | Reached skill level 4 in Axes
   998 | D:2      | Reached XP level 4. HP: 27/35 MP: 4/4
  1861 | D:3      | Found a shimmering altar of Xom.
  1943 | D:3      | Reached XP level 5. HP: 39/41 MP: 5/5
  2059 | D:3      | Noticed Larett's ghost (weakling OgFi)
  2070 | D:3      | HP: 8/41 [Larett's ghost (9)]
  2071 | D:3      | Slain by Larett's ghost

Vault maps used:
D:1:      dpeg_arrival_houses_and_road, minmay_heptomino_h4
D:2:      lexackson_kobold_supper, uniq_jessica
D:3:      chequers_temple_overflow_minitemple, ecumenical_altar_2, tgw_xom

Skill      XL: |  1  2  3 |
---------------+----------+-----
Axes           | 3 4 |  4.9
Fighting       | |  3.2
Armour         | |  3.2
Shields        | |  3.6

Action                   |  1- 3 |  4- 6 || total
-------------------------+-------+-------++-------
Melee: War axe           |    56 |   116 ||   172
Throw: Stone             |    18 |    68 ||    86
  Use: Potion            |       |     1 ||     1
 Stab: Invisible         |       |     1 ||     1
  Eat: Chunk             |       |     4 ||     4
Armor: Scale mail        |    29 |    31 ||    60
Dodge: Dodged            |    17 |    34 ||    51
Block: Shield            |    38 |    53 ||    91

Vault maps used:
D:1:      dpeg_arrival_houses_and_road, minmay_heptomino_h4
D:2:      lexackson_kobold_supper, uniq_jessica
D:3:      chequers_temple_overflow_minitemple, ecumenical_altar_2, tgw_xom

Table legend:
 A = Turns spent in this place as a percentage of turns spent in the entire game.
 B = Non-inter-level travel turns spent in this place as a percentage of non-inter-level travel turns spent in the entire game.
 C = Inter-level travel turns spent in this place as a percentage of turns spent in this place.
 D = Turns resting spent in this place as a percentage of non-inter-level travel turns spent in this place.
 E = Turns spent auto-exploring this place as a percentage of non-inter-level travel turns spent in this place.
 F = Non-inter-level travel turns spent in this place divided by the number of levels of this place that you've seen.
                   A       B       C       D       E      F
               +-------+-------+-------+-------+-------+----------------------
         Total | 100.0 | 100.0 |   0.5 |   0.3 |  11.7 | 199.0
       Dungeon | 100.0 | 100.0 |   0.5 |   0.3 |  11.7 | 199.0
               +-------+-------+-------+-------+-------+----------------------

Table legend:
 A = Kills in this place as a percentage of kills in entire the game.
 B = Kills by you in this place as a percentage of kills by you in the entire game.
 C = Kills by friends in this place as a percentage of kills by friends in the entire game.
 D = Other kills in this place as a percentage of other kills in the entire game.
 E = Experience gained in this place as a percentage of experience gained in the entire game.
 F = Experience gained in this place divided by the number of levels of this place that you have seen.
                   A       B       C       D       E      F
               +-------+-------+-------+-------+-------+----------------------
         Total | 100.0 | 100.0 |  -nan |  -nan | 100.0 |  53.0
       Dungeon | 100.0 | 100.0 |  -nan |  -nan | 100.0 |  53.0
               +-------+-------+-------+-------+-------+----------------------
